Workbook

Sheet Summary
A1: Cincinnati Intermodal Facility Expansion
A2: BENEFIT COST ANALYSIS SUMMARY TABLE
A5: Category | B5: UNDISCOUNTED | C5: Present Value (Discounted at 7%)
A6: Costs
A7: Construction Cost | B7: =+'Project Costs'!B40 -> 53300000 | C7: =+'Project Costs'!C40 -> 48183684
A8: Net increase in Maintenance Costs | B8: =+'Project Costs'!M40 -> 4443000 | C8: =+'Project Costs'!N40 -> 1525406.8
A9: TOTAL COSTS | B9: =+B8+B7 -> 57743000 | C9: =+C8+C7 -> 49709091
A11: Evaluated Benefits
A12: Flood Damage Repair Cost Savings | B12: =+'Flood Repair'!E41 -> 178552.14 | C12: =+'Flood Repair'!F41 -> 67458.012
A13: Property Value Growth from Building Platforms | B13: =+'Property Value'!H40 -> 1.2481579e+08 | C13: =+'Property Value'!I40 -> 95366719
A14: Health Benefits (Pedestrian) | B14: =+Pedestrian!H41 -> 1304050 | C14: =+Pedestrian!I41 -> 465497.86
A15: Health Benefits (Bicycle) | B15: =+Bicycle!H43 -> 1149272.3 | C15: =+Bicycle!I43 -> 406498.58
A16: Pavement Damage | B16: =+'VMT-related Pavement benefits'!D42 -> 482.52338 | C16: =+'VMT-related Pavement benefits'!E42 -> 125.46794
A17: Emissions Reduction | B17: =+'VMT-related Emissions Benefits'!AB49 -> 212882.87 | C17: =+'VMT-related Emissions Benefits'!AC49 -> 55295.463
A18: Residual Value | B18: =+'Project Costs'!F40 -> 31980000 | C18: =+'Project Costs'!G40 -> 3429365.7
A19: TOTAL EVALUATED BENEFITS | B19: =SUM(B12:B18) -> 1.5964103e+08 | C19: =SUM(C12:C18) -> 99790960
A21: NET PRESENT VALUE | B21: =+B19-B9 -> 1.0189803e+08 | C21: =+C19-C9 -> 50081869
A22: BENEFIT/COST RATIO | B22: =+B19/B9 -> 2.7646819 | C22: =+C19/C9 -> 2.0074992

Sheet Project Costs
A1: PROJECT CAPITAL AND O&M COSTS, and RESIDUAL VALUE CALCULATIONS
B5: PROJECT CAPITAL COSTS | F5: Residual Value | M5: PROJECT O&M COSTS
A6: Year | B6: Undiscounted Cost | C6: Discounted at 7% | D6: Discounted at 3% | F6: Assumed life of 75 years (concrete) | I6: Year | J6: Years After Construction | K6: No-Build O&M | L6: Build O&M | M6: Undiscounted COSTS | N6: Discounted at 7% | O6: Discounted at 3%
A7: 2018 | C7: =$B7/(1.07^($A7-2018)) -> 0 | D7: =$B7/(1.03^($A7-2018)) -> 0 | I7: 2018 | K7: 147000 | L7: =+K7 -> 147000 | M7: =+L7-K7 -> 0 | N7: =$M7/(1.07^($A7-2018)) -> 0 | O7: =$M7/(1.03^($A7-2018)) -> 0
A8: =+A7+1 -> 2019 | B8: =53300000/2 -> 26650000 | C8: =$B8/(1.07^($A8-2018)) -> 24906542 | D8: =$B8/(1.03^($A8-2018)) -> 25873786 | I8: =+I7+1 -> 2019 | K8: =+K7 -> 147000 | L8: =+K8/2 -> 73500 | M8: =+L8-K8 -> -73500 | N8: =$M8/(1.07^($A8-2018)) -> -68691.589 | O8: =$M8/(1.03^($A8-2018)) -> -71359.223 | Q8: <-- Assumed half O&M during the construction years, since some of the parking areas would be closed during construction.
A9: =+A8+1 -> 2020 | B9: =53300000/2 -> 26650000 | C9: =$B9/(1.07^($A9-2018)) -> 23277142 | D9: =$B9/(1.03^($A9-2018)) -> 25120181 | I9: =+I8+1 -> 2020 | K9: =+K8 -> 147000 | L9: =+K9/2 -> 73500 | M9: =+L9-K9 -> -73500 | N9: =$M9/(1.07^($A9-2018)) -> -64197.747 | O9: =$M9/(1.03^($A9-2018)) -> -69280.799 | Q9: <-- Assumed half O&M during the construction years, since some of the parking areas would be closed during construction.
A10: =+A9+1 -> 2021 | C10: =$B10/(1.07^($A10-2018)) -> 0 | D10: =$B10/(1.03^($A10-2018)) -> 0 | I10: =+I9+1 -> 2021 | J10: 1 | K10: =+K9 -> 147000 | L10: 300000 | M10: =+L10-K10 -> 153000 | N10: =$M10/(1.07^($A10-2018)) -> 124893.58 | O10: =$M10/(1.03^($A10-2018)) -> 140016.67
A11: =+A10+1 -> 2022 | C11: =$B11/(1.07^($A11-2018)) -> 0 | D11: =$B11/(1.03^($A11-2018)) -> 0 | I11: =+I10+1 -> 2022 | J11: =+J10+1 -> 2 | K11: =+K10 -> 147000 | L11: =+L10 -> 300000 | M11: =+L11-K11 -> 153000 | N11: =$M11/(1.07^($A11-2018)) -> 116722.97 | O11: =$M11/(1.03^($A11-2018)) -> 135938.52
A12: =+A11+1 -> 2023 | C12: =$B12/(1.07^($A12-2018)) -> 0 | D12: =$B12/(1.03^($A12-2018)) -> 0 | I12: =+I11+1 -> 2023 | J12: =+J11+1 -> 3 | K12: =+K11 -> 147000 | L12: =+L11 -> 300000 | M12: =+L12-K12 -> 153000 | N12: =$M12/(1.07^($A12-2018)) -> 109086.89 | O12: =$M12/(1.03^($A12-2018)) -> 131979.14
A13: =+A12+1 -> 2024 | C13: =$B13/(1.07^($A13-2018)) -> 0 | D13: =$B13/(1.03^($A13-2018)) -> 0 | I13: =+I12+1 -> 2024 | J13: =+J12+1 -> 4 | K13: =+K12 -> 147000 | L13: =+L12 -> 300000 | M13: =+L13-K13 -> 153000 | N13: =$M13/(1.07^($A13-2018)) -> 101950.36 | O13: =$M13/(1.03^($A13-2018)) -> 128135.09
A14: =+A13+1 -> 2025 | C14: =$B14/(1.07^($A14-2018)) -> 0 | D14: =$B14/(1.03^($A14-2018)) -> 0 | I14: =+I13+1 -> 2025 | J14: =+J13+1 -> 5 | K14: =+K13 -> 147000 | L14: =+L13 -> 300000 | M14: =+L14-K14 -> 153000 | N14: =$M14/(1.07^($A14-2018)) -> 95280.711 | O14: =$M14/(1.03^($A14-2018)) -> 124403
A15: =+A14+1 -> 2026 | C15: =$B15/(1.07^($A15-2018)) -> 0 | D15: =$B15/(1.03^($A15-2018)) -> 0 | I15: =+I14+1 -> 2026 | J15: =+J14+1 -> 6 | K15: =+K14 -> 147000 | L15: =+L14 -> 300000 | M15: =+L15-K15 -> 153000 | N15: =$M15/(1.07^($A15-2018)) -> 89047.393 | O15: =$M15/(1.03^($A15-2018)) -> 120779.61
A16: =+A15+1 -> 2027 | C16: =$B16/(1.07^($A16-2018)) -> 0 | D16: =$B16/(1.03^($A16-2018)) -> 0 | I16: =+I15+1 -> 2027 | J16: =+J15+1 -> 7 | K16: =+K15 -> 147000 | L16: =+L15 -> 300000 | M16: =+L16-K16 -> 153000 | N16: =$M16/(1.07^($A16-2018)) -> 83221.863 | O16: =$M16/(1.03^($A16-2018)) -> 117261.76
A17: =+A16+1 -> 2028 | C17: =$B17/(1.07^($A17-2018)) -> 0 | D17: =$B17/(1.03^($A17-2018)) -> 0 | I17: =+I16+1 -> 2028 | J17: =+J16+1 -> 8 | K17: =+K16 -> 147000 | L17: =+L16 -> 300000 | M17: =+L17-K17 -> 153000 | N17: =$M17/(1.07^($A17-2018)) -> 77777.442 | O17: =$M17/(1.03^($A17-2018)) -> 113846.37
A18: =+A17+1 -> 2029 | C18: =$B18/(1.07^($A18-2018)) -> 0 | D18: =$B18/(1.03^($A18-2018)) -> 0 | I18: =+I17+1 -> 2029 | J18: =+J17+1 -> 9 | K18: =+K17 -> 147000 | L18: =+L17 -> 300000 | M18: =+L18-K18 -> 153000 | N18: =$M18/(1.07^($A18-2018)) -> 72689.198 | O18: =$M18/(1.03^($A18-2018)) -> 110530.46
A19: =+A18+1 -> 2030 | C19: =$B19/(1.07^($A19-2018)) -> 0 | D19: =$B19/(1.03^($A19-2018)) -> 0 | I19: =+I18+1 -> 2030 | J19: =+J18+1 -> 10 | K19: =+K18 -> 147000 | L19: =+L18 -> 300000 | M19: =+L19-K19 -> 153000 | N19: =$M19/(1.07^($A19-2018)) -> 67933.83 | O19: =$M19/(1.03^($A19-2018)) -> 107311.12
A20: =+A19+1 -> 2031 | C20: =$B20/(1.07^($A20-2018)) -> 0 | D20: =$B20/(1.03^($A20-2018)) -> 0 | I20: =+I19+1 -> 2031 | J20: =+J19+1 -> 11 | K20: =+K19 -> 147000 | L20: =+L19 -> 300000 | M20: =+L20-K20 -> 153000 | N20: =$M20/(1.07^($A20-2018)) -> 63489.561 | O20: =$M20/(1.03^($A20-2018)) -> 104185.56
A21: =+A20+1 -> 2032 | C21: =$B21/(1.07^($A21-2018)) -> 0 | D21: =$B21/(1.03^($A21-2018)) -> 0 | I21: =+I20+1 -> 2032 | J21: =+J20+1 -> 12 | K21: =+K20 -> 147000 | L21: =+L20 -> 300000 | M21: =+L21-K21 -> 153000 | N21: =$M21/(1.07^($A21-2018)) -> 59336.038 | O21: =$M21/(1.03^($A21-2018)) -> 101151.02
A22: =+A21+1 -> 2033 | C22: =$B22/(1.07^($A22-2018)) -> 0 | D22: =$B22/(1.03^($A22-2018)) -> 0 | I22: =+I21+1 -> 2033 | J22: =+J21+1 -> 13 | K22: =+K21 -> 147000 | L22: =+L21 -> 300000 | M22: =+L22-K22 -> 153000 | N22: =$M22/(1.07^($A22-2018)) -> 55454.241 | O22: =$M22/(1.03^($A22-2018)) -> 98204.878
... A37: =+A36+1 -> 2048 | C37: =$B37/(1.07^($A37-2018)) -> 0 | D37: =$B37/(1.03^($A37-2018)) -> 0 | I37: =+I36+1 -> 2048 | J37: =+J36+1 -> 28 | K37: =+K36 -> 147000 | L37: =+L36 -> 300000 | M37: =+L37-K37 -> 153000 | N37: =$M37/(1.07^($A37-2018)) -> 20099.169 | O37: =$M37/(1.03^($A37-2018)) -> 63033.974
A38: =+A37+1 -> 2049 | C38: =$B38/(1.07^($A38-2018)) -> 0 | D38: =$B38/(1.03^($A38-2018)) -> 0 | F38: Remaining Value in 2051 | I38: =+I37+1 -> 2049 | J38: =+J37+1 -> 29 | K38: =+K37 -> 147000 | L38: =+L37 -> 300000 | M38: =+L38-K38 -> 153000 | N38: =$M38/(1.07^($A38-2018)) -> 18784.27 | O38: =$M38/(1.03^($A38-2018)) -> 61198.033
A39: =+A38+1 -> 2050 | C39: =$B39/(1.07^($A39-2018)) -> 0 | D39: =$B39/(1.03^($A39-2018)) -> 0 | F39: Undiscounted | G39: Discounted | I39: =+I38+1 -> 2050 | J39: =+J38+1 -> 30 | K39: =+K38 -> 147000 | L39: =+L38 -> 300000 | M39: =+L39-K39 -> 153000 | N39: =$M39/(1.07^($A39-2018)) -> 17555.393 | O39: =$M39/(1.03^($A39-2018)) -> 59415.566
A40: TOTALS | B40: =SUM(B7:B39) -> 53300000 | C40: =SUM(C7:C39) -> 48183684 | D40: =SUM(D7:D39) -> 50993967 | F40: =+(75-30)/75*B40 -> 31980000 | G40: =F40/(1.07^(2051-2018)) -> 3429365.7 | I40: TOTALS | K40: =SUM(K7:K39) -> 4851000 | L40: =SUM(L7:L39) -> 9294000 | M40: =SUM(M7:M39) -> 4443000 | N40: =SUM(N7:N39) -> 1525406.8 | O40: =SUM(O7:O39) -> 2686080.2

Sheet Flood Repair
A1: FLOOD DAMAGE
A3: Estimated at $5,760 annually (see details beginning at row 45 below)
C6: NO BUILD | D6: BUILD | E6: BENEFIT
A7: Year | B7: Years After Construction | C7: Likely Annual Cost of Flood Damage Repair | D7: Likely Annual Cost of Flood Damage Repair | E7: Undiscounted Savings | F7: Discounted at 7% | G7: Discounted at 3%
A8: 2018 | C8: =+E48 -> 5759.7465 | D8: =+C8 -> 5759.7465 | E8: =+C8-D8 -> 0 | F8: =$E8/(1.07^($A8-2018)) -> 0 | G8: =$E8/(1.03^($A8-2018)) -> 0
A9: =+A8+1 -> 2019 | C9: =+C8 -> 5759.7465 | D9: =+C9 -> 5759.7465 | E9: =+C9-D9 -> 0 | F9: =$E9/(1.07^($A9-2018)) -> 0 | G9: =$E9/(1.03^($A9-2018)) -> 0
A10: =+A9+1 -> 2020 | C10: =+C9 -> 5759.7465 | D10: 0 | E10: =+C10-D10 -> 5759.7465 | F10: =$E10/(1.07^($A10-2018)) -> 5030.7857 | G10: =$E10/(1.03^($A10-2018)) -> 5429.1135
A11: =+A10+1 -> 2021 | B11: =+B10+1 -> 1 | C11: =+C10 -> 5759.7465 | D11: 0 | E11: =+C11-D11 -> 5759.7465 | F11: =$E11/(1.07^($A11-2018)) -> 4701.6688 | G11: =$E11/(1.03^($A11-2018)) -> 5270.984
A12: =+A11+1 -> 2022 | B12: =+B11+1 -> 2 | C12: =+C11 -> 5759.7465 | D12: 0 | E12: =+C12-D12 -> 5759.7465 | F12: =$E12/(1.07^($A12-2018)) -> 4394.083 | G12: =$E12/(1.03^($A12-2018)) -> 5117.4602
A13: =+A12+1 -> 2023 | B13: =+B12+1 -> 3 | C13: =+C12 -> 5759.7465 | D13: 0 | E13: =+C13-D13 -> 5759.7465 | F13: =$E13/(1.07^($A13-2018)) -> 4106.6197 | G13: =$E13/(1.03^($A13-2018)) -> 4968.4079
A14: =+A13+1 -> 2024 | B14: =+B13+1 -> 4 | C14: =+C13 -> 5759.7465 | D14: 0 | E14: =+C14-D14 -> 5759.7465 | F14: =$E14/(1.07^($A14-2018)) -> 3837.9623 | G14: =$E14/(1.03^($A14-2018)) -> 4823.697
A15: =+A14+1 -> 2025 | B15: =+B14+1 -> 5 | C15: =+C14 -> 5759.7465 | D15: 0 | E15: =+C15-D15 -> 5759.7465 | F15: =$E15/(1.07^($A15-2018)) -> 3586.8807 | G15: =$E15/(1.03^($A15-2018)) -> 4683.201
A16: =+A15+1 -> 2026 | B16: =+B15+1 -> 6 | C16: =+C15 -> 5759.7465 | D16: 0 | E16: =+C16-D16 -> 5759.7465 | F16: =$E16/(1.07^($A16-2018)) -> 3352.2249 | G16: =$E16/(1.03^($A16-2018)) -> 4546.7971
A17: =+A16+1 -> 2027 | B17: =+B16+1 -> 7 | C17: =+C16 -> 5759.7465 | D17: 0 | E17: =+C17-D17 -> 5759.7465 | F17: =$E17/(1.07^($A17-2018)) -> 3132.9205 | G17: =$E17/(1.03^($A17-2018)) -> 4414.3661
A18: =+A17+1 -> 2028 | B18: =+B17+1 -> 8 | C18: =+C17 -> 5759.7465 | D18: 0 | E18: =+C18-D18 -> 5759.7465 | F18: =$E18/(1.07^($A18-2018)) -> 2927.9631 | G18: =$E18/(1.03^($A18-2018)) -> 4285.7923
A19: =+A18+1 -> 2029 | B19: =+B18+1 -> 9 | C19: =+C18 -> 5759.7465 | D19: 0 | E19: =+C19-D19 -> 5759.7465 | F19: =$E19/(1.07^($A19-2018)) -> 2736.4141 | G19: =$E19/(1.03^($A19-2018)) -> 4160.9634
A20: =+A19+1 -> 2030 | B20: =+B19+1 -> 10 | C20: =+C19 -> 5759.7465 | D20: 0 | E20: =+C20-D20 -> 5759.7465 | F20: =$E20/(1.07^($A20-2018)) -> 2557.3963 | G20: =$E20/(1.03^($A20-2018)) -> 4039.7703
A21: =+A20+1 -> 2031 | B21: =+B20+1 -> 11 | C21: =+C20 -> 5759.7465 | D21: 0 | E21: =+C21-D21 -> 5759.7465 | F21: =$E21/(1.07^($A21-2018)) -> 2390.09 | G21: =$E21/(1.03^($A21-2018)) -> 3922.1071
A22: =+A21+1 -> 2032 | B22: =+B21+1 -> 12 | C22: =+C21 -> 5759.7465 | D22: 0 | E22: =+C22-D22 -> 5759.7465 | F22: =$E22/(1.07^($A22-2018)) -> 2233.729 | G22: =$E22/(1.03^($A22-2018)) -> 3807.871
... A40: =+A39+1 -> 2050 | B40: =+B39+1 -> 30 | C40: =+C39 -> 5759.7465 | D40: 0 | E40: =+C40-D40 -> 5759.7465 | F40: =$E40/(1.07^($A40-2018)) -> 660.87981 | G40: =$E40/(1.03^($A40-2018)) -> 2236.7229
A41: TOTALS | E41: =SUM(E8:E40) -> 178552.14 | F41: =SUM(F8:F40) -> 67458.012 | G41: =SUM(G8:G40) -> 111842.13
A45: Flood cleanup cost was $114,092 for 18.62-acre surface parking (this includes the 13.92-acre Central Riverfront Garage and the 4.7-acre Lot D)
A46: Per acre costs are therefore | D46: 114092 | E46: acre, div by | F46: =13.92+4.7 -> 18.62 | G46: acreage = | H46: =+D46/F46 -> 6127.3899 | I46: cost per acre
A47: Cost for THIS PROJECT covers 4.7 acre, therefore the cost would be | F47: =+H46*4.7 -> 28798.733
A48: Floods occur approximately every 5 years, so assume | E48: =+F47/5 -> 5759.7465 | F48: average annual cost
A50: Source: Alison McCarthy, Senior Mgr for the parking company that manages parking for Banks Lot D.

Sheet Property Value
B1: PROPERTY VALUE IMPACTS
C3: NOTE: The total net value increase is spread out over 3 years, as it is assumed that it will take 2-3 years after construction
C4: for the developments on the Project site to reach expected occupancy (and confer the full benefits of the Project to these and other properties)
C6: Background/derivation for these columns is BELOW | H6: TOTAL BENEFITS
B7: Year | C7: Total Value Growth for Properties on North Side of Third Street | D7: Value Boost to PROJECT Properties (Lots 23, 24, 25, 27 & 28) | E7: Value Boost to BANKS Lots 1&13 | F7: Value Boost to soon-to-be-developed BANKS PROPERTIES Lots 19 & 26-1A | G7: Value Boost to DEVELOPED BANKS PROPERTIES | H7: TOTAL BENEFIT | I7: Discounted at 7% | J7: Discounted at 3%
B8: 2018 | H8: =SUM(C8:G8) -> 0 | I8: =H8/(1.07^($B8-2018)) -> 0 | J8: =H8/(1.03^($B8-2018)) -> 0
B9: =+B8+1 -> 2019 | H9: =SUM(C9:G9) -> 0 | I9: =H9/(1.07^($B9-2018)) -> 0 | J9: =H9/(1.03^($B9-2018)) -> 0
B10: =+B9+1 -> 2020 | H10: =SUM(C10:G10) -> 0 | I10: =H10/(1.07^($B10-2018)) -> 0 | J10: =H10/(1.03^($B10-2018)) -> 0
B11: =+B10+1 -> 2021 | C11: =+$K$74/3 -> 3922028.8 | D11: =+G103/3 -> 26049900 | E11: =+E136/3 -> 3300000 | F11: =+E165/3 -> 1400000 | G11: =+$H$185/3 -> 6933333.3 | H11: =SUM(C11:G11) -> 41605262 | I11: =H11/(1.07^($B11-2018)) -> 33962287 | J11: =H11/(1.03^($B11-2018)) -> 38074709
B12: =+B11+1 -> 2022 | C12: =+C11 -> 3922028.8 | D12: =+D11 -> 26049900 | E12: =+E11 -> 3300000 | F12: =+F11 -> 1400000 | G12: =+$H$185/3 -> 6933333.3 | H12: =SUM(C12:G12) -> 41605262 | I12: =H12/(1.07^($B12-2018)) -> 31740455 | J12: =H12/(1.03^($B12-2018)) -> 36965737
B13: =+B12+1 -> 2023 | C13: =+C12 -> 3922028.8 | D13: =+D12 -> 26049900 | E13: =+E12 -> 3300000 | F13: =+F12 -> 1400000 | G13: =+$H$185/3 -> 6933333.3 | H13: =SUM(C13:G13) -> 41605262 | I13: =H13/(1.07^($B13-2018)) -> 29663977 | J13: =H13/(1.03^($B13-2018)) -> 35889065
B14: =+B13+1 -> 2024 | H14: =SUM(C14:G14) -> 0 | I14: =H14/(1.07^($B14-2018)) -> 0 | J14: =H14/(1.03^($B14-2018)) -> 0
B15: =+B14+1 -> 2025 | H15: =SUM(C15:G15) -> 0 | I15: =H15/(1.07^($B15-2018)) -> 0 | J15: =H15/(1.03^($B15-2018)) -> 0
B16: =+B15+1 -> 2026 | H16: =SUM(C16:G16) -> 0 | I16: =H16/(1.07^($B16-2018)) -> 0 | J16: =H16/(1.03^($B16-2018)) -> 0
B17: =+B16+1 -> 2027 | H17: =SUM(C17:G17) -> 0 | I17: =H17/(1.07^($B17-2018)) -> 0 | J17: =H17/(1.03^($B17-2018)) -> 0
B18: =+B17+1 -> 2028 | H18: =SUM(C18:G18) -> 0 | I18: =H18/(1.07^($B18-2018)) -> 0 | J18: =H18/(1.03^($B18-2018)) -> 0
B19: =+B18+1 -> 2029 | H19: =SUM(C19:G19) -> 0 | I19: =H19/(1.07^($B19-2018)) -> 0 | J19: =H19/(1.03^($B19-2018)) -> 0
B20: =+B19+1 -> 2030 | H20: =SUM(C20:G20) -> 0 | I20: =H20/(1.07^($B20-2018)) -> 0 | J20: =H20/(1.03^($B20-2018)) -> 0
B21: =+B20+1 -> 2031 | H21: =SUM(C21:G21) -> 0 | I21: =H21/(1.07^($B21-2018)) -> 0 | J21: =H21/(1.03^($B21-2018)) -> 0
B22: =+B21+1 -> 2032 | H22: =SUM(C22:G22) -> 0 | I22: =H22/(1.07^($B22-2018)) -> 0 | J22: =H22/(1.03^($B22-2018)) -> 0
B23: =+B22+1 -> 2033 | H23: =SUM(C23:G23) -> 0 | I23: =H23/(1.07^($B23-2018)) -> 0 | J23: =H23/(1.03^($B23-2018)) -> 0
B24: =+B23+1 -> 2034 | H24: =SUM(C24:G24) -> 0 | I24: =H24/(1.07^($B24-2018)) -> 0 | J24: =H24/(1.03^($B24-2018)) -> 0
B25: =+B24+1 -> 2035 | H25: =SUM(C25:G25) -> 0 | I25: =H25/(1.07^($B25-2018)) -> 0 | J25: =H25/(1.03^($B25-2018)) -> 0
... B39: =+B38+1 -> 2049 | H39: =SUM(C39:G39) -> 0 | I39: =H39/(1.07^($B39-2018)) -> 0 | J39: =H39/(1.03^($B39-2018)) -> 0
C40: =SUM(C8:C39) -> 11766086 | D40: =SUM(D8:D39) -> 78149700 | E40: =SUM(E8:E39) -> 9900000 | F40: =SUM(F8:F39) -> 4200000 | G40: =SUM(G8:G39) -> 20800000 | H40: =SUM(H8:H39) -> 1.2481579e+08 | I40: =SUM(I8:I39) -> 95366719 | J40: =SUM(J8:J39) -> 1.1092951e+08
B48: Properties on North Side of Third Street | G48: =49/46.4 -> 1.0560345 | H48: Adjustment factor for Auditor values to Sales value
C50: Third Street Property Values | H50: Checking out the range of value
C51: June 2018 Hamilton County Auditor Values | G51: Current | H51: Current | I51: Current | J51: Project-induced
G52: (No Build) | H52: Value per acre | I52: Value per acre | J52: Value Impact | K52: BUILD VALUE | L52: NOTES
B53: Notes | C53: Address | D53: Acres | E53: Land Value | F53: Improvement Value | G53: Total Value | H53: Developed | I53: Undeveloped | J53: (at full occupancy) | K53: (at full occupancy)
B54: 20+ story office bldg | C54: 312 Elm Street | D54: 0.454 | E54: 2200000 | F54: 45399140 | G54: =(E54+F54)*1.056 -> 50264692 | H54: =+F54/D54 -> 99998106 | J54: 0.06 | K54: =+G54*(1+J54) -> 53280573
B55: one of the 3 abandoned tenements | D55: 0.207 | E55: 1012000 | G55: =(E55+F55)*1.056 -> 1068672 | J55: see Notes --> | K55: =+$H$74*D55 -> 2213694.4 | L55: Assumes these properties are developed at a value equal to median developed value/acre
B56: one of the 3 abandoned tenements | D56: 0.093 | E56: 13080 | F56: 31510 | G56: =(E56+F56)*1.056 -> 47087.04 | K56: =+$H$74*D56 -> 994558.36
B57: one of the 3 abandoned tenements | D57: 0.2 | E57: 25660 | F57: 97870 | G57: =(E57+F57)*1.056 -> 130447.68 | K57: =+$H$74*D57 -> 2138835.2
B58: Parking lot | C58: 106 W. 3rd | D58: 0.267 | E58: 1107160 | F58: 9830 | G58: =(E58+F58)*1.056 -> 1179541.4 | I58: =+G58/D58 -> 4417758.2 | J58: 0.06 | K58: =+G58*(1+J58) -> 1250313.9
B59: Parking lot | C59: 38 W Third Street | D59: 0.069 | E59: 334400 | F59: 3790 | G59: =(E59+F59)*1.056 -> 357128.64 | I59: =+G59/D59 -> 5175777.4 | J59: 0.06 | K59: =+G59*(1+J59) -> 378556.36
B60: Parking lot | C60: 34 W Third Street | D60: 0.032 | E60: 166540 | F60: 1260 | G60: =(E60+F60)*1.056 -> 177196.8 | I60: =+G60/D60 -> 5537400 | J60: 0.06 | K60: =+G60*(1+J60) -> 187828.61
B61: Pkg lot | C61: 30 W Third Street | D61: 0.062 | E61: 295570 | F61: 2180 | G61: =(E61+F61)*1.056 -> 314424 | I61: =+G61/D61 -> 5071354.8 | J61: 0.06 | K61: =+G61*(1+J61) -> 333289.44
B62: Small ofc bldg | C62: 28 W Third Street | D62: 0.217 | E62: 1034550 | F62: 297080 | G62: =(E62+F62)*1.056 -> 1406201.3 | H62: =+G62/D62 -> 6480190.2 | J62: 0.06 | K62: =+G62*(1+J62) -> 1490573.4
B63: Parking lot | C63: 25 Ogden Place | D63: 0.1084 | E63: 517440 | F63: 192620 | G63: =(E63+F63)*1.056 -> 749823.36 | I63: =+G63/D63 -> 6917189.7 | J63: 0.06 | K63: =+G63*(1+J63) -> 794812.76
B64: Part of Lux Apts (Alleyway access?) | C64: 22 W Third Street | D64: 0.067 | E64: 321090 | F64: 2100 | G64: =(E64+F64)*1.056 -> 341288.64 | J64: 0.06 | K64: =+G64*(1+J64) -> 361765.96
B65: Luxury Apts, renovated recently, 294 units/11 stories | C65: 309 Vine Street | D65: 1.15 | E65: 5510340 | F65: 4166570 | G65: =(E65+F65)*1.056 -> 10218817 | H65: =+G65/D65 -> 8885927.8 | J65: 0.06 | K65: =+G65*(1+J65) -> 10831946
B66: Parking Structure | C66: 2 E Third | D66: 0.166 | E66: 911250 | F66: 1121230 | G66: =(E66+F66)*1.056 -> 2146298.9 | H66: =+G66/D66 -> 12929511 | J66: 0.06 | K66: =+G66*(1+J66) -> 2275076.8
B67: Parking Structure (part) | C67: 12 E Third Street | D67: 0.154 | E67: 904200 | F67: 0 | G67: =(E67+F67)*1.056 -> 954835.2 | H67: =+G67/D67 -> 6200228.6 | J67: 0.06 | K67: =+G67*(1+J67) -> 1012125.3
B68: Great American Insurance Group | C68: 18 E Third Street | D68: 0.586 | E68: 3194960 | F68: 2799410 | G68: =(E68+F68)*1.056 -> 6330054.7 | H68: =+G68/D68 -> 10802141 | J68: 0.06 | K68: =+G68*(1+J68) -> 6709858
B69: Parking Structure | C69: 315 Third Street | D69: 0.39 | E69: 2329280 | F69: 679180 | G69: =(E69+F69)*1.056 -> 3176933.8 | H69: =+G69/D69 -> 8145984 | J69: 0.06 | K69: =+G69*(1+J69) -> 3367549.8
B70: SCRIPPS 20+ story office bldg | C70: 312 Walnut | D70: 0.431 | E70: 2534490 | F70: 63676690 | G70: =(E70+F70)*1.056 -> 69919006 | H70: =+G70/D70 -> 1.6222507e+08 | J70: 0.04 | K70: =+G70*(1+J70) -> 72715766 | L70: Further east, so less impact
B71: Parking Structure | C71: 150 E Third Street | D71: 0.446 | E71: 2619270 | F71: 1851800 | G71: =(E71+F71)*1.056 -> 4721449.9 | H71: =+G71/D71 -> 10586211 | J71: 0.04 | K71: =+G71*(1+J71) -> 4910307.9 | L71: Further east, so less impact
B72: Short ofc/commerical | C72: 302 E Third Street | D72: 0.045 | E72: 225060 | F72: 308860 | G72: =(E72+F72)*1.056 -> 563819.52 | H72: =+G72/D72 -> 12529323 | J72: 0.04 | K72: =+G72*(1+J72) -> 586372.3 | L72: Further east, so less impact
F73: No-Build TOTAL | G73: =SUM(G54:G72) -> 1.5406772e+08 | J73: BUILD TOTAL | K73: =SUM(K54:K72) -> 1.658338e+08
G74: Median | H74: =MEDIAN(H54:H72) -> 10694176 | I74: =MEDIAN(I54:I72) -> 5175777.4 | J74: GROWTH (Benefit) | K74: =+K73-G73 -> 11766086
B80: PROJECT PROPERTIES
B81: Lot # | C81: 23 | D81: 25 | E81: 27 | F81: 28
B82: FUTURE USE | C82: Greenspace with parking under | D82: Development with parking under: res, office & retail | E82: Music venue with parking under | F82: Greenspace with parking under
B83: Square footage (base) | C83: 50000 | D83: 50075 | E83: 31950 | F83: 31950
B84: Acreage | C84: 1.147 | D84: 1.149 | E84: 0.733 | F84: 0.733
B85: Existing parking | C85: 149 | D85: 283 | E85: 170 | F85: 45
B86: Parking levels | C86: 1 | D86: 2 | E86: 2 | F86: 1
B87: Parking spaces | C87: 180 | D87: 330 | E87: 200 | F87: 50
B88: # of electric spots | D88: 150
B90: Current Values:
B91: Estimated Value Now (as parking)* | C91: =4500000*C84*0.7 -> 3613050 | D91: =4500000*D84*0.7 -> 3619350 | E91: =4500000*E84*0.7 -> 2308950 | F91: =4500000*F84*0.7 -> 2308950 | G91: * Parking value was calculated at a value of $3.15 million per acre. The value of the surface parking lots on Third Streets average $4.5 million. The Banks lots charge less
G92: and occupancy is typically 50% on weekdays (although high during events), so it was assumed that value per acre was 70% of $4.5 million (or $3.15m/acre).
B93: Future Build-Out Value: | D93: 23000000 | E93: 11000000
B94: Platform Value | C94: not counted | D94: not counted | E94: not counted | F94: not counted
B95: Development Value | C95: 12000000 | D95: 110000000 | E95: 30000000 | F95: 6000000 | G95: C
B96: Use | C96: park | D96: Mixed-use development | E96: park | F96: park
B98: Construction cost of Development | C98: 5000000 | D98: 45000000 | E98: 15000000 | F98: 3000000
B100: BENEFIT: Total value of development, minus original property value (construction)
C101: =+C95-C98-C91 -> 3386950 | D101: =+D95-D98-D91 -> 61380650 | E101: =+E95-E98-E91 -> 12691050 | F101: =+F95-F98-F91 -> 691050
B102: Share of value attributable to project | C102: 1 | D102: 1 | E102: 1 | F102: 1 | G102: TOTAL
B103: Resulting $ value attributable to project | C103: =+C101*C102 -> 3386950 | D103: =+D101*D102 -> 61380650 | E103: =+E101*E102 -> 12691050 | F103: =+F101*F102 -> 691050 | G103: =SUM(C103:F103) -> 78149700
B108: LOTS 1 & 13 UN-DEVELOPED NON-PROJECT BANKS PROPERTIES NEAR Lot 25
B110: Lot # | C110: 1 | D110: 13
B112: Status | C112: Undev. | D112: Undev.
B113: Use | C113: Undev. | D113: Undev.
B114: FUTURE USE | C114: Assumed undev | D114: Assumed undev
B115: Square footage (base) | C115: 98740 | D115: 51790
B116: Acreage | C116: 2.26 | D116: 1.19
B117: Existing parking
B118: Parking levels
B119: Parking spaces
B120: # of electric spots
B122: Current Values:
B123: Platform Value
B124: Development Value
B125: Value Now (as parking)* | C125: =4500000*C116*0.7 -> 7119000 | D125: =4500000*D116*0.7 -> 3748500
B126: Resulting Total Current Value | C126: =+C125 -> 7119000 | D126: =+D125 -> 3748500
B129: HC-supplied Potential Future Build-Out Value:
B130: Platform Value | C130: 31000000 | D130: 12000000
B131: Development Value | C131: 120000000 | D131: 45000000
B132: Resulting Total Future Value
B133: Expected Use | C133: Res/Ofc/Retail | D133: hotel
B135: Increase from Project | C135: 0.06 | D135: 0.06 | E135: TOTAL
B136: Value Created by Project | C136: =+C131*C135 -> 7200000 | D136: =+D131*D135 -> 2700000 | E136: =+D136+C136 -> 9900000
B140: UN-DEVELOPED NON-PROJECT BANKS PROPERTIES PROXIMATE TO Lot 25
B142: Lot # | C142: 26-1A | D142: 19
B144: Status | C144: Undev. | D144: Undev.
B145: Use | C145: Undev.
B146: FUTURE USE | C146: Assumed DEVELOPED soon | D146: Assumed DEVELOPED soon
...

Sheet Pedestrian
A1: HEALTH BENEFITS OF WALKING
A4: Valued at $0.50 per person-mile (VTPI 2018)
H6: BENEFIT
A7: Year | B7: Years After Construction | C7: New walking miles (non-commute) | D7: Commuting walk miles | E7: Visitor walk-miles | F7: Total Miles Walked | G7: Value per Person-Mile | H7: TOTAL BENEFIT | I7: Discounted at 7% | J7: Discounted at 3%
A8: 2018 | H8: =+G8*F8 -> 0 | I8: =H8/(1.07^(A8-2018)) -> 0 | J8: =H8/(1.03^(A8-2018)) -> 0
A9: =+A8+1 -> 2019 | H9: =+G9*F9 -> 0 | I9: =H9/(1.07^(A9-2018)) -> 0 | J9: =H9/(1.03^(A9-2018)) -> 0
A10: =+A9+1 -> 2020 | E10: =+E11/2 -> 9000 | F10: =+E10+D10+C10 -> 9000 | G10: 0.5 | H10: =+G10*F10 -> 4500 | I10: =H10/(1.07^(A10-2018)) -> 3930.4743 | J10: =H10/(1.03^(A10-2018)) -> 4241.6816
A11: =+A10+1 -> 2021 | B11: =+B10+1 -> 1 | C11: =+C12/2 -> 21700 | D11: =+D12/2 -> 13200 | E11: =+E106 -> 18000 | F11: =+E11+D11+C11 -> 52900 | G11: 0.5 | H11: =+G11*F11 -> 26450 | I11: =H11/(1.07^(A11-2018)) -> 21591.079 | J11: =H11/(1.03^(A11-2018)) -> 24205.497
A12: =+A11+1 -> 2022 | B12: =+B11+1 -> 2 | C12: =+E99 -> 43400 | D12: =+E84+E92 -> 26400 | E12: =+E11 -> 18000 | F12: =+E12+D12+C12 -> 87800 | G12: 0.5 | H12: =+G12*F12 -> 43900 | I12: =H12/(1.07^(A12-2018)) -> 33491.1 | J12: =H12/(1.03^(A12-2018)) -> 39004.581
A13: =+A12+1 -> 2023 | B13: =+B12+1 -> 3 | C13: =+C12 -> 43400 | D13: =+D12 -> 26400 | E13: =+E12 -> 18000 | F13: =+E13+D13+C13 -> 87800 | G13: 0.5 | H13: =+G13*F13 -> 43900 | I13: =H13/(1.07^(A13-2018)) -> 31300.093 | J13: =H13/(1.03^(A13-2018)) -> 37868.526
A14: =+A13+1 -> 2024 | B14: =+B13+1 -> 4 | C14: =+C13 -> 43400 | D14: =+D13 -> 26400 | E14: =+E13 -> 18000 | F14: =+E14+D14+C14 -> 87800 | G14: 0.5 | H14: =+G14*F14 -> 43900 | I14: =H14/(1.07^(A14-2018)) -> 29252.424 | J14: =H14/(1.03^(A14-2018)) -> 36765.559
A15: =+A14+1 -> 2025 | B15: =+B14+1 -> 5 | C15: =+C14 -> 43400 | D15: =+D14 -> 26400 | E15: =+E14 -> 18000 | F15: =+E15+D15+C15 -> 87800 | G15: 0.5 | H15: =+G15*F15 -> 43900 | I15: =H15/(1.07^(A15-2018)) -> 27338.714 | J15: =H15/(1.03^(A15-2018)) -> 35694.717
A16: =+A15+1 -> 2026 | B16: =+B15+1 -> 6 | C16: =+C15 -> 43400 | D16: =+D15 -> 26400 | E16: =+E15 -> 18000 | F16: =+E16+D16+C16 -> 87800 | G16: 0.5 | H16: =+G16*F16 -> 43900 | I16: =H16/(1.07^(A16-2018)) -> 25550.2 | J16: =H16/(1.03^(A16-2018)) -> 34655.065
A17: =+A16+1 -> 2027 | B17: =+B16+1 -> 7 | C17: =+C16 -> 43400 | D17: =+D16 -> 26400 | E17: =+E16 -> 18000 | F17: =+E17+D17+C17 -> 87800 | G17: 0.5 | H17: =+G17*F17 -> 43900 | I17: =H17/(1.07^(A17-2018)) -> 23878.691 | J17: =H17/(1.03^(A17-2018)) -> 33645.695
A18: =+A17+1 -> 2028 | B18: =+B17+1 -> 8 | C18: =+C17 -> 43400 | D18: =+D17 -> 26400 | E18: =+E17 -> 18000 | F18: =+E18+D18+C18 -> 87800 | G18: 0.5 | H18: =+G18*F18 -> 43900 | I18: =H18/(1.07^(A18-2018)) -> 22316.534 | J18: =H18/(1.03^(A18-2018)) -> 32665.723
A19: =+A18+1 -> 2029 | B19: =+B18+1 -> 9 | C19: =+C18 -> 43400 | D19: =+D18 -> 26400 | E19: =+E18 -> 18000 | F19: =+E19+D19+C19 -> 87800 | G19: 0.5 | H19: =+G19*F19 -> 43900 | I19: =H19/(1.07^(A19-2018)) -> 20856.574 | J19: =H19/(1.03^(A19-2018)) -> 31714.294
A20: =+A19+1 -> 2030 | B20: =+B19+1 -> 10 | C20: =+C19 -> 43400 | D20: =+D19 -> 26400 | E20: =+E19 -> 18000 | F20: =+E20+D20+C20 -> 87800 | G20: 0.5 | H20: =+G20*F20 -> 43900 | I20: =H20/(1.07^(A20-2018)) -> 19492.125 | J20: =H20/(1.03^(A20-2018)) -> 30790.577
A21: =+A20+1 -> 2031 | B21: =+B20+1 -> 11 | C21: =+C20 -> 43400 | D21: =+D20 -> 26400 | E21: =+E20 -> 18000 | F21: =+E21+D21+C21 -> 87800 | G21: 0.5 | H21: =+G21*F21 -> 43900 | I21: =H21/(1.07^(A21-2018)) -> 18216.939 | J21: =H21/(1.03^(A21-2018)) -> 29893.764
A22: =+A21+1 -> 2032 | B22: =+B21+1 -> 12 | C22: =+C21 -> 43400 | D22: =+D21 -> 26400 | E22: =+E21 -> 18000 | F22: =+E22+D22+C22 -> 87800 | G22: 0.5 | H22: =+G22*F22 -> 43900 | I22: =H22/(1.07^(A22-2018)) -> 17025.177 | J22: =H22/(1.03^(A22-2018)) -> 29023.072
A23: =+A22+1 -> 2033 | B23: =+B22+1 -> 13 | C23: =+C22 -> 43400 | D23: =+D22 -> 26400 | E23: =+E22 -> 18000 | F23: =+E23+D23+C23 -> 87800 | G23: 0.5 | H23: =+G23*F23 -> 43900 | I23: =H23/(1.07^(A23-2018)) -> 15911.38 | J23: =H23/(1.03^(A23-2018)) -> 28177.739
A24: =+A23+1 -> 2034 | B24: =+B23+1 -> 14 | C24: =+C23 -> 43400 | D24: =+D23 -> 26400 | E24: =+E23 -> 18000 | F24: =+E24+D24+C24 -> 87800 | G24: 0.5 | H24: =+G24*F24 -> 43900 | I24: =H24/(1.07^(A24-2018)) -> 14870.449 | J24: =H24/(1.03^(A24-2018)) -> 27357.029
... A40: =+A39+1 -> 2050 | B40: =+B39+1 -> 30 | C40: =+C39 -> 43400 | D40: =+D39 -> 26400 | E40: =+E39 -> 18000 | F40: =+E40+D40+C40 -> 87800 | G40: 0.5 | H40: =+G40*F40 -> 43900 | I40: =H40/(1.07^(A40-2018)) -> 5037.1355 | J40: =H40/(1.03^(A40-2018)) -> 17047.996
A41: TOTALS | H41: =SUM(H8:H40) -> 1304050 | I41: =SUM(I8:I40) -> 465497.86 | J41: =SUM(J8:J40) -> 799337.95
A44: DATA INPUTS
A45: Employees added with Project-enabled development | F45: 500 | G45: for Lot 25
A46: Residents added with Project-enabled development | F46: 200 | G46: for Lot 25
A47: Music Venue will bring in | D47: 300000 | E47: visitors per year (180 events X 1800 seats X 70% occupancy)
A48: Annual visitors (visits) to park: | D48: 1000000
A51: Census 2010
A52: Mode of Travel to Work: | D52: Downtown | E52: Citywide
B53: Walk to work | D53: =825/1985 -> 0.41561713 | E53: =7014/132605 -> 0.052893933
B54: Bike to work | D54: =8/1985 -> 0.0040302267 | E54: =427/132605 -> 0.0032200897
B55: Transit | D55: =236/1985 -> 0.11889169 | E55: =12822/132605 -> 0.096693187
B56: Work at home | D56: =38/1985 -> 0.019143577 | E56: =4773/132605 -> 0.035994118
A58: Access to a vehicle:
B59: HHs with no vehicle | D59: 0.29924693 | E59: =29422/133420 -> 0.22052166
B60: with one vehicle | D60: =980/2523 -> 0.38842648 | E60: =56613/133420 -> 0.42432169
A63: CALCULATIONS:
C64: 200 | D64: new residents from Lot 25 development
B65: Therefore: | C65: =ROUND(C$64*D65,0) -> 83 | D65: =+D53 -> 0.41561713 | E65: walk to work
C66: =ROUND(C$64*D66,0) -> 1 | D66: =+D54 -> 0.0040302267 | E66: bike to work
C67: =ROUND(C$64*D67,0) -> 24 | D67: =+D55 -> 0.11889169 | E67: transit users
B69: Say | C69: 500 | D69: new employees from Lot 25 development
C70: =+D70/2 -> 13 | D70: =ROUND(C$69*E70,0) -> 26 | E70: =+E53 -> 0.052893933 | F70: walk to work
C71: =ROUND(C$69*D71,0) -> 2 | D71: =+E54 -> 0.0032200897 | E71: bike to work
C72: =ROUND(C$69*D72,0) -> 48 | D72: =+E55 -> 0.096693187 | E72: transit users
B73: NOTE: "walk to work" estimate was halved to avoid double-counting with Banks residents walking to Banks jobs
A76: Walk-only commuters
B77: From Lot 25 to GE | E77: 0.1 | F77: miles
B78: From Lot 25 to Joe Nuxhall Way | E78: 0.33 | F78: miles
B79: From Lot 25 to Atrium | E79: 0.5 | F79: miles
B80: From Lot 25 to Scripps | E80: 0.37 | F80: miles
B81: Average walk (walk only) | E81: =AVERAGE(E77:E80) -> 0.325 | F81: miles
B82: Number of walkers | E82: =+C70+C65 -> 96 | F82: persons
B83: Number of miles (on a weekday) | E83: =+E82*E81*2 -> 62.4 | F83: ROUND TRIP
B84: ANNUAL (assume 250 workdays/year) | E84: =+E83*250 -> 15600 | F84: miles
A87: Transit Commuters
B88: Average walk to Transit (streetcar) from Lot 25 residents | G88: 0.3 | H88: miles
B89: Average walk from Transit to jobs at Lot 25 (or new music venue) | G89: =+G88 -> 0.3 | H89: miles
B90: Number of transit users | E90: =+C72+C67 -> 72
B91: Number of miles walked to/from transit | E91: =+E90*G89*2 -> 43.2 | F91: weekday, round trip total
B92: ANNUAL (assume 250 wordays/year) | E92: =+E91*250 -> 10800 | F92: miles
A95: Growth in Park Usage from new residents/employees
B96: Average park walk | E96: 0.62 | F96: miles | G96: Elm-to-Main and back
B97: New users (annual) | E97: =0.1*D48 -> 100000 | F97: <-- assumed 10% growth.*
B98: Percent walking (vs. biking) | E98: 0.7 | F98: Based on visual observation
B99: Annual new walking miles | E99: =+E96*E97*E98 -> 43400
A102: Growth in walking from new visitors to the Music Venue
C103: Average walk | E103: 0.3 | F103: miles
C104: New users (annual) | E104: 300000 | F104: <-- from Hamilton County
C105: Percent who will walk recreationally | E105: 0.2
C106: Annual new walking miles | E106: =+E103*E104*E105 -> 18000
A109: * | B109: The 100,000 new park visits is reasonable (at 10% increase). Also works if you assume 100,000 visits/year = about 2,000 visits each week, or around 275 walks per day,
B110: which is not much considering the Project's new greenspace, 200 added residents, and 500 added employees, some of whom will take a lunch break or walk for health after work.

Sheet Bicycle
A1: HEALTH BENEFITS OF BICYCLING
A3: Valued at $0.20 per person-mile (VTPI 2018)
H8: BENEFIT
A9: Year | B9: Years After Construction | C9: Person-Miles from Bike Commuters | D9: Person-Miles from Park Visitors | E9: Person-Miles from Music Venue | F9: Total Miles Biked | G9: Value per Person-Mile | H9: TOTAL BENEFIT | I9: Discounted at 7% | J9: Discounted at 3%
A10: 2018 | H10: =+G10*F10 -> 0 | I10: =H10/(1.07^(A10-2018)) -> 0 | J10: =H10/(1.03^(A10-2018)) -> 0
A11: =+A10+1 -> 2019 | H11: =+G11*F11 -> 0 | I11: =H11/(1.07^(A11-2018)) -> 0 | J11: =H11/(1.03^(A11-2018)) -> 0
A12: =+A11+1 -> 2020 | F12: =SUM(C12:E12) -> 0 | G12: 0.2 | H12: =+G12*F12 -> 0 | I12: =H12/(1.07^(A12-2018)) -> 0 | J12: =H12/(1.03^(A12-2018)) -> 0
A13: =+A12+1 -> 2021 | B13: =+B12+1 -> 1 | C13: =+C14/2 -> 5775 | D13: =+D14/2 -> 90000 | E13: =+E93 -> 3187.8888 | F13: =SUM(C13:E13) -> 98962.889 | G13: 0.2 | H13: =+G13*F13 -> 19792.578 | I13: =H13/(1.07^(A13-2018)) -> 16156.639 | J13: =H13/(1.03^(A13-2018)) -> 18113.012
A14: =+A13+1 -> 2022 | B14: =+B13+1 -> 2 | C14: =+E78 -> 11550 | D14: =+D85 -> 180000 | E14: =+E13 -> 3187.8888 | F14: =SUM(C14:E14) -> 194737.89 | G14: 0.2 | H14: =+G14*F14 -> 38947.578 | I14: =H14/(1.07^(A14-2018)) -> 29712.921 | J14: =H14/(1.03^(A14-2018)) -> 34604.418
A15: =+A14+1 -> 2023 | B15: =+B14+1 -> 3 | C15: =+C14 -> 11550 | D15: =+D14 -> 180000 | E15: =+E14 -> 3187.8888 | F15: =SUM(C15:E15) -> 194737.89 | G15: 0.2 | H15: =+G15*F15 -> 38947.578 | I15: =H15/(1.07^(A15-2018)) -> 27769.085 | J15: =H15/(1.03^(A15-2018)) -> 33596.523
A16: =+A15+1 -> 2024 | B16: =+B15+1 -> 4 | C16: =+C15 -> 11550 | D16: =+D15 -> 180000 | E16: =+E15 -> 3187.8888 | F16: =SUM(C16:E16) -> 194737.89 | G16: 0.2 | H16: =+G16*F16 -> 38947.578 | I16: =H16/(1.07^(A16-2018)) -> 25952.416 | J16: =H16/(1.03^(A16-2018)) -> 32617.983
A17: =+A16+1 -> 2025 | B17: =+B16+1 -> 5 | C17: =+C16 -> 11550 | D17: =+D16 -> 180000 | E17: =+E16 -> 3187.8888 | F17: =SUM(C17:E17) -> 194737.89 | G17: 0.2 | H17: =+G17*F17 -> 38947.578 | I17: =H17/(1.07^(A17-2018)) -> 24254.594 | J17: =H17/(1.03^(A17-2018)) -> 31667.945
A18: =+A17+1 -> 2026 | B18: =+B17+1 -> 6 | C18: =+C17 -> 11550 | D18: =+D17 -> 180000 | E18: =+E17 -> 3187.8888 | F18: =SUM(C18:E18) -> 194737.89 | G18: 0.2 | H18: =+G18*F18 -> 38947.578 | I18: =H18/(1.07^(A18-2018)) -> 22667.845 | J18: =H18/(1.03^(A18-2018)) -> 30745.578
A19: =+A18+1 -> 2027 | B19: =+B18+1 -> 7 | C19: =+C18 -> 11550 | D19: =+D18 -> 180000 | E19: =+E18 -> 3187.8888 | F19: =SUM(C19:E19) -> 194737.89 | G19: 0.2 | H19: =+G19*F19 -> 38947.578 | I19: =H19/(1.07^(A19-2018)) -> 21184.902 | J19: =H19/(1.03^(A19-2018)) -> 29850.075
A20: =+A19+1 -> 2028 | B20: =+B19+1 -> 8 | C20: =+C19 -> 11550 | D20: =+D19 -> 180000 | E20: =+E19 -> 3187.8888 | F20: =SUM(C20:E20) -> 194737.89 | G20: 0.2 | H20: =+G20*F20 -> 38947.578 | I20: =H20/(1.07^(A20-2018)) -> 19798.974 | J20: =H20/(1.03^(A20-2018)) -> 28980.656
A21: =+A20+1 -> 2029 | B21: =+B20+1 -> 9 | C21: =+C20 -> 11550 | D21: =+D20 -> 180000 | E21: =+E20 -> 3187.8888 | F21: =SUM(C21:E21) -> 194737.89 | G21: 0.2 | H21: =+G21*F21 -> 38947.578 | I21: =H21/(1.07^(A21-2018)) -> 18503.714 | J21: =H21/(1.03^(A21-2018)) -> 28136.559
A22: =+A21+1 -> 2030 | B22: =+B21+1 -> 10 | C22: =+C21 -> 11550 | D22: =+D21 -> 180000 | E22: =+E21 -> 3187.8888 | F22: =SUM(C22:E22) -> 194737.89 | G22: 0.2 | H22: =+G22*F22 -> 38947.578 | I22: =H22/(1.07^(A22-2018)) -> 17293.19 | J22: =H22/(1.03^(A22-2018)) -> 27317.047
A23: =+A22+1 -> 2031 | B23: =+B22+1 -> 11 | C23: =+C22 -> 11550 | D23: =+D22 -> 180000 | E23: =+E22 -> 3187.8888 | F23: =SUM(C23:E23) -> 194737.89 | G23: 0.2 | H23: =+G23*F23 -> 38947.578 | I23: =H23/(1.07^(A23-2018)) -> 16161.86 | J23: =H23/(1.03^(A23-2018)) -> 26521.405
A24: =+A23+1 -> 2032 | B24: =+B23+1 -> 12 | C24: =+C23 -> 11550 | D24: =+D23 -> 180000 | E24: =+E23 -> 3187.8888 | F24: =SUM(C24:E24) -> 194737.89 | G24: 0.2 | H24: =+G24*F24 -> 38947.578 | I24: =H24/(1.07^(A24-2018)) -> 15104.542 | J24: =H24/(1.03^(A24-2018)) -> 25748.937
A25: =+A24+1 -> 2033 | B25: =+B24+1 -> 13 | C25: =+C24 -> 11550 | D25: =+D24 -> 180000 | E25: =+E24 -> 3187.8888 | F25: =SUM(C25:E25) -> 194737.89 | G25: 0.2 | H25: =+G25*F25 -> 38947.578 | I25: =H25/(1.07^(A25-2018)) -> 14116.395 | J25: =H25/(1.03^(A25-2018)) -> 24998.968
A26: =+A25+1 -> 2034 | B26: =+B25+1 -> 14 | C26: =+C25 -> 11550 | D26: =+D25 -> 180000 | E26: =+E25 -> 3187.8888 | F26: =SUM(C26:E26) -> 194737.89 | G26: 0.2 | H26: =+G26*F26 -> 38947.578 | I26: =H26/(1.07^(A26-2018)) -> 13192.892 | J26: =H26/(1.03^(A26-2018)) -> 24270.843
... A42: =+A41+1 -> 2050 | B42: =+B41+1 -> 30 | C42: =+C41 -> 11550 | D42: =+D41 -> 180000 | E42: =+E41 -> 3187.8888 | F42: =SUM(C42:E42) -> 194737.89 | G42: 0.2 | H42: =+G42*F42 -> 38947.578 | I42: =H42/(1.07^(A42-2018)) -> 4468.889 | J42: =H42/(1.03^(A42-2018)) -> 15124.787
A43: TOTALS | H43: =SUM(H10:H42) -> 1149272.3 | I43: =SUM(I10:I42) -> 406498.58 | J43: =SUM(J10:J42) -> 702038.48
A46: DATA INPUTS
A47: Employees added with Project-enabled development | E47: 500 | F47: for Lot 25
A48: Residents added with Project-enabled development | E48: 200 | F48: for Lot 25
A49: Music Venue will bring in | D49: 300000 | E49: visitors per year (180 events X 1800 seats X 70% occupancy)
A50: Annual visitors (visits) to park: | D50: 1000000
A53: Census 2010
A55: Mode of Travel to Work: | D55: Downtown | E55: Citywide
B56: Walk to work | D56: =825/1985 -> 0.41561713 | E56: =7014/132605 -> 0.052893933
B57: Bike to work | D57: =8/1985 -> 0.0040302267 | E57: =427/132605 -> 0.0032200897
B58: Transit | D58: =236/1985 -> 0.11889169 | E58: =12822/132605 -> 0.096693187
B59: Work at home | D59: =38/1985 -> 0.019143577 | E59: =4773/132605 -> 0.035994118
A61: Access to a vehicle:
B62: HHs with no vehicle | D62: 0.29924693 | E62: =29422/133420 -> 0.22052166
B63: with one vehicle | D63: =980/2523 -> 0.38842648 | E63: =56613/133420 -> 0.42432169
A65: CALCULATIONS:
B67: Say | C67: 200 | D67: new residents from Lot 25 development
B68: Therefore: | C68: =ROUND(C$67*D68,0) -> 1 | D68: =+D57 -> 0.0040302267 | E68: bike to work
B71: Say | C71: 500 | D71: new employees from Lot 25 development
B72: Therefore: | C72: =ROUND(C$71*D72,0) -> 6 | D72: =+E57*4 -> 0.012880359 | E72: bike to work | F72: <-- Bike to work percentage quadrupled based on the fact that Census survey data was taken prior to changes in bike services/policies
A74: Bike commuters
B75: Average bicycle commute | E75: 3.3 | F75: miles | G75: SOURCE notes below*
B76: Number of bicyclists | E76: =+C68+C72 -> 7 | F76: persons
B77: Number of miles (on a weekday) | E77: =+E76*E75*2 -> 46.2 | F77: ROUND TRIP
B78: ANNUAL (assume 250 wordays/year) | E78: =+E77*250 -> 11550 | F78: miles
A81: Growth in Bicycle Usage from new visitors to Smale Park
B82: Average park bike ride | D82: 6 | E82: miles | F82: (Assume half-hour at 12 mph)
B83: New visitors (bike & non-bike) | D83: =0.1*D50 -> 100000 | E83: <-- assumed 10% growth
B84: Bicyclists as a %age of new visitors | D84: 0.3 | E84: Based on visual observation
B85: Annual new bike miles | D85: =+D84*D83*D82 -> 180000
A89: Growth in biking from new visitors to the Music Venue
C90: Average recreational bike ride | E90: 3.3 | F90: miles (assumed similar to work trip)
C91: New users (annual) | E91: 300000 | F91: <-- from Hamilton County
C92: Percentage biking | E92: =+E57 -> 0.0032200897
C93: Annual new bike miles | E93: =+E90*E91*E92 -> 3187.8888
A95: * | B95: Census says (https://www.census.gov/prod/2014pubs/acs-25.pdf, Figure 12) that the average bicycle commute is
B96: 18 minutes. Assuming 11mph, that's a 3.3-mile ride each way to work

Sheet Electric P&R VMT reduction
A1: VMT Reduction Assumptions, resulting from Electric Charging spots encouraging additional Park-and-Ride
A2: This data feeds into the Pavement Damage Reduction and Emissions Reduction spreadsheet tabs
A5: The parking garage in Lot 25 will have 150 electric vehicle charging stations.
A6: It is believed that these spots will attract additional parking (above the no build level) for park-and-ride use of the streetcar.
A7: Because of the following existing reasons, combined wih the availability of electric charging:
B8: Lower cost of parking in Banks vs. downtown
B9: Availability of additional parking with the Project
B10: Lot 25 is close to the streetcar (less than 1/3 mile)
B11: Difficulty of finding parking near areas served by the streetcar
A13: Background data and assumptions
B14: Streetcar as park-and-ride
B15: Streetcar is approximately 0.75 miles from one end to the other
B16: Including the additional mileage spent looking for parking, it is assumed that half a mile is the average length that an auto trip to downtown would be shortened by (one-mile round trip).
B18: Grey text below is FYI, not included in any BCA calculations
B19: COMMUTING: Current streetcar boardings at this station are: 160 on a weekday during peak hours daily
B20: Assumption is that 40% of weekday boardings are destined TO the Banks (for events), with 10% walk-to-streetcar, and therefore 50% park (at Banks) and ride (to a destination outside the Banks).
B21: And 50% of160 is | D21: 80 | E21: persons per weekday X 250 = | H21: =+D21*250 -> 20000 | I21: annually
B22: WEEKEND: Saturday plus Sunday boardings (in March, so this might be less than usual) is | K22: =229+511 -> 740
B23: Assumption is that 70% of weekend traffic is destined TO the Banks (for events), with 10% walk-to-streetcar, and therefore 20% park and ride.
B24: And 20% of 740 is | D24: =0.2*740 -> 148 | E24: persons per weekend = | H24: =148*52 -> 7696 | I24: annually
B26: For reference, Banks parking has 461 individuals with monthly parking passes. An estimated 85% walk to downtown (North of Second Street) for work (based on the addresses of employers that purchased passes).
A28: BUILD CASE ASSUMPTIONS
B29: Assume that the 150 electric parking spaces will attract 10 NEW daily users in 2021, ramping up to 130 in 2050 (that's 7 days/week)…
B30: Is this reasonable?
C31: Currently 461 parkers just in LOT D (project area), so 28% growth over 25 years (approximately 1% growth per year) is reasonable.
C32: There is high demand for parking downtown, and electric charging will be more and more attractive, as the ownership of electric vehicles continues to grow.
B34: WEEKDAY: Assume that 50% of the new electric vehicle parkers are going to use streetcar instead of driving to park downtown (as they would without the project).
B35: 2021 | C35: 0.5 | D35: of | E35: 10 | F35: equals | G35: =+C35*E35 -> 5 | H35: daily | I35: (currently estimated 80 daily park and ride users, so a 6% increase)
B36: 2050 | C36: 0.5 | D36: of | E36: 130 | F36: equals | G36: =+C36*E36 -> 65 | H36: daily | I36: (currently estimated 80 daily park and ride users, so an 81% increase)
B38: Is this reasonable?
C39: Given that current park-and-ride use is an estimated 80 per day now, 5 new riders in 2020 is reasonable, as is 65 in 30 years.
B41: WEEKEND: | C41: Assume that
C42: 0.2 | D42: of | E42: 10 | F42: equals | G42: =+C42*E42 -> 2 | H42: daily | I42: (currently estimated 148/2 (74) park-and-ride users each weekend day, so a 3% increase)
C43: 0.2 | D43: of | E43: 130 | F43: equals | G43: =+C43*E43 -> 26 | H43: daily | I43: (currently estimated 148/2 (74) park-and-ride users each weekend day, so a 35% increase)
B44: Reasonable? Given that current park-and-ride use is an estimated 74 per day now, 2 new riders in 2020 is reasonable, as is 26 in 30 years.
B46: So total VMT reduction due to increased park-and-ride usage caused by the presence of electric charging stations near the Streetcar station would be:
G48: 2021 | H48: 2050
B49: New daily parkers | G49: 10 | H49: 130
B50: Number that are parking to ride the streetcar
B51: (That is, the that divert from driving to park elsewhere in town)
E52: Weekday | F52: 0.5 | G52: =+G49*F52 -> 5 | H52: =+H49*F52 -> 65
E53: Weekend | F53: 0.2 | G53: =+G49*F53 -> 2 | H53: =+H49*F53 -> 26
E54: Annual | G54: =+G52*250+G53*52 -> 1354 | H54: =+H52*250+H53*52 -> 17602 | I54: parkers
B55: Average miles of trip reduced | G55: =(0.75+0.25)/2 -> 0.5 | H55: =(0.75+0.25)/2 -> 0.5 | I55: miles
B56: Doubled, because it is round trip | G56: =+G55*2 -> 1 | H56: =+H55*2 -> 1 | I56: miles
B57: Annual reduction in VMT | G57: =+G56*G54 -> 1354 | H57: =+H56*H54 -> 17602

Sheet VMT-related Pavement benefits
A1: PAVEMENT DAMAGE
A5: Pavement Damage | C5: 0.0017434874 | D5: Source FHWA 2000 (assumed the same damage cost as for "Autos/Urban Interstate")
D7: BENEFIT
A8: Year | B8: Years After Construction | C8: VMT Reduction | D8: Pavement Damage Avoided | E8: Discounted at 7% | F8: Discounted at 3%
A9: 2018 | E9: =D9/(1.07^(A9-2018)) -> 0 | F9: =D9/(1.03^(A9-2018)) -> 0
A10: =+A9+1 -> 2019 | E10: =D10/(1.07^(A10-2018)) -> 0 | F10: =D10/(1.03^(A10-2018)) -> 0
A11: =+A10+1 -> 2020 | E11: =D11/(1.07^(A11-2018)) -> 0 | F11: =D11/(1.03^(A11-2018)) -> 0
A12: =+A11+1 -> 2021 | B12: =+B11+1 -> 1 | C12: =+'Electric P&R VMT reduction'!G57 -> 1354 | D12: =+C12*$C$5 -> 2.3606819 | E12: =D12/(1.07^(A12-2018)) -> 1.9270196 | F12: =D12/(1.03^(A12-2018)) -> 2.1603583
A13: =+A12+1 -> 2022 | B13: =+B12+1 -> 2 | C13: =+C12+($C$41-$C$12)/30 -> 1895.6 | D13: =+C13*$C$5 -> 3.3049546 | E13: =D13/(1.07^(A13-2018)) -> 2.5213341 | F13: =D13/(1.03^(A13-2018)) -> 2.9364094
A14: =+A13+1 -> 2023 | B14: =+B13+1 -> 3 | C14: =+C13+($C$41-$C$12)/30 -> 2437.2 | D14: =+C14*$C$5 -> 4.2492274 | E14: =D14/(1.07^(A14-2018)) -> 3.0296404 | F14: =D14/(1.03^(A14-2018)) -> 3.6654209
A15: =+A14+1 -> 2024 | B15: =+B14+1 -> 4 | C15: =+C14+($C$41-$C$12)/30 -> 2978.8 | D15: =+C15*$C$5 -> 5.1935001 | E15: =D15/(1.07^(A15-2018)) -> 3.4606484 | F15: =D15/(1.03^(A15-2018)) -> 4.3494746
A16: =+A15+1 -> 2025 | B16: =+B15+1 -> 5 | C16: =+C15+($C$41-$C$12)/30 -> 3520.4 | D16: =+C16*$C$5 -> 6.1377729 | E16: =D16/(1.07^(A16-2018)) -> 3.8222965 | F16: =D16/(1.03^(A16-2018)) -> 4.990571
A17: =+A16+1 -> 2026 | B17: =+B16+1 -> 6 | C17: =+C16+($C$41-$C$12)/30 -> 4062 | D17: =+C17*$C$5 -> 7.0820456 | E17: =D17/(1.07^(A17-2018)) -> 4.121815 | F17: =D17/(1.03^(A17-2018)) -> 5.5906322
A18: =+A17+1 -> 2027 | B18: =+B17+1 -> 7 | C18: =+C17+($C$41-$C$12)/30 -> 4603.6 | D18: =+C18*$C$5 -> 8.0263184 | E18: =D18/(1.07^(A18-2018)) -> 4.3657854 | F18: =D18/(1.03^(A18-2018)) -> 6.1515047
A19: =+A18+1 -> 2028 | B19: =+B18+1 -> 8 | C19: =+C18+($C$41-$C$12)/30 -> 5145.2 | D19: =+C19*$C$5 -> 8.9705911 | E19: =D19/(1.07^(A19-2018)) -> 4.5601937 | F19: =D19/(1.03^(A19-2018)) -> 6.6749623
A20: =+A19+1 -> 2029 | B20: =+B19+1 -> 9 | C20: =+C19+($C$41-$C$12)/30 -> 5686.8 | D20: =+C20*$C$5 -> 9.9148639 | E20: =D20/(1.07^(A20-2018)) -> 4.7104804 | F20: =D20/(1.03^(A20-2018)) -> 7.1627086
A21: =+A20+1 -> 2030 | B21: =+B20+1 -> 10 | C21: =+C20+($C$41-$C$12)/30 -> 6228.4 | D21: =+C21*$C$5 -> 10.859137 | E21: =D21/(1.07^(A21-2018)) -> 4.8215865 | F21: =D21/(1.03^(A21-2018)) -> 7.61638
A22: =+A21+1 -> 2031 | B22: =+B21+1 -> 11 | C22: =+C21+($C$41-$C$12)/30 -> 6770 | D22: =+C22*$C$5 -> 11.803409 | E22: =D22/(1.07^(A22-2018)) -> 4.8979953 | F22: =D22/(1.03^(A22-2018)) -> 8.0375474
A23: =+A22+1 -> 2032 | B23: =+B22+1 -> 12 | C23: =+C22+($C$41-$C$12)/30 -> 7311.6 | D23: =+C23*$C$5 -> 12.747682 | E23: =D23/(1.07^(A23-2018)) -> 4.9437709 | F23: =D23/(1.03^(A23-2018)) -> 8.4277197
A24: =+A23+1 -> 2033 | B24: =+B23+1 -> 13 | C24: =+C23+($C$41-$C$12)/30 -> 7853.2 | D24: =+C24*$C$5 -> 13.691955 | E24: =D24/(1.07^(A24-2018)) -> 4.9625946 | F24: =D24/(1.03^(A24-2018)) -> 8.7883448
... A40: =+A39+1 -> 2049 | B40: =+B39+1 -> 29 | C40: =+C39+($C$41-$C$12)/30 -> 16518.8 | D40: =+C40*$C$5 -> 28.800319 | E40: =D40/(1.07^(A40-2018)) -> 3.5359017 | F40: =D40/(1.03^(A40-2018)) -> 11.519757
A41: =+A40+1 -> 2050 | B41: =+B40+1 -> 30 | C41: =+'Electric P&R VMT reduction'!H57 -> 17602 | D41: =+C41*$C$5 -> 30.688864 | E41: =D41/(1.07^(A41-2018)) -> 3.5212749 | F41: =D41/(1.03^(A41-2018)) -> 11.917623
A42: TOTALS | D42: =SUM(D9:D41) -> 482.52338 | E42: =SUM(E9:E41) -> 125.46794 | F42: =SUM(F9:F41) -> 258.80886

Sheet VMT-related Emissions Benefits
A1: EMISSIONS REDUCTION BENEFITS
A2: from reduced VMT
A4: Assumed speed is 25mph
A5: Assume all vehicles are passenger vehicles
A6: Model used is EMFAC
K12: 907185 | L12: grams/short ton factor | S12: Source:
S13: 2016 BCA Guidance | V13: Sources: 2018 BCA Guidance (2016 BCA Guidance for CO2)
D14: Emissions Factors (g/VMT) from 2017 EMFAC | K14: Short Tons of Emissions | S14: x inflation | V14: NOx | W14: SOx | X14: PM 10 | Y14: VOC | Z14: CO | AB14: BENEFIT
A15: Year | B15: Years After Construction | C15: VMT Reduction | D15: CO2 | E15: NOx | F15: SOx | G15: PM 10 | H15: VOC | I15: CO | K15: CO2 | L15: NOx | M15: SOx | N15: PM 10 | O15: VOC | P15: CO | R15: Metric Tons of CO2 | S15: $ value per metric ton | T15: Benefit | V15: 7508 | W15: 44373 | X15: 343442 | Y15: 1905 | Z15: N/A | AB15: TOTAL BENEFIT | AC15: Discounted at 7% | AD15: Discounted at 3%
A16: 2018 | D16: 1.4000793 | E16: 1.1155359 | F16: 0.0028103803 | G16: 1.99243 | H16: 1.7984038 | I16: 1.4703683 | K16: =+D16*$C16/$K$12 -> 0 | L16: =+E16*$C16/$K$12 -> 0 | M16: =+F16*$C16/$K$12 -> 0 | N16: =+G16*$C16/$K$12 -> 0 | O16: =+H16*$C16/$K$12 -> 0 | P16: =+I16*$C16/$K$12 -> 0 | R16: =+K16*0.907185 -> 0 | S16: 46.414692 | T16: =+S16*R16 -> 0 | V16: =+V$15*L16 -> 0 | W16: =+W$15*M16 -> 0 | X16: =+X$15*N16 -> 0 | Y16: =+Y$15*O16 -> 0 | AB16: =SUM(T16:Z16) -> 0 | AC16: =AB16/(1.07^(A16-2018)) -> 0 | AD16: =AB16/(1.03^(A16-2018)) -> 0
A17: =+A16+1 -> 2019 | D17: 1.3997809 | E17: 1.1239968 | F17: 0.0027426211 | G17: 1.9949863 | H17: 1.8191685 | I17: 1.4823348 | K17: =+D17*$C17/$K$12 -> 0 | L17: =+E17*$C17/$K$12 -> 0 | M17: =+F17*$C17/$K$12 -> 0 | N17: =+G17*$C17/$K$12 -> 0 | O17: =+H17*$C17/$K$12 -> 0 | P17: =+I17*$C17/$K$12 -> 0 | R17: =+K17*0.907185 -> 0 | S17: 47.44613 | T17: =+S17*R17 -> 0 | V17: =+V$15*L17 -> 0 | W17: =+W$15*M17 -> 0 | X17: =+X$15*N17 -> 0 | Y17: =+Y$15*O17 -> 0 | AB17: =SUM(T17:Z17) -> 0 | AC17: =AB17/(1.07^(A17-2018)) -> 0 | AD17: =AB17/(1.03^(A17-2018)) -> 0
A18: =+A17+1 -> 2020 | D18: 1.3999933 | E18: 1.1298587 | F18: 0.0026742144 | G18: 1.9944546 | H18: 1.827622 | I18: 1.4895968 | K18: =+D18*$C18/$K$12 -> 0 | L18: =+E18*$C18/$K$12 -> 0 | M18: =+F18*$C18/$K$12 -> 0 | N18: =+G18*$C18/$K$12 -> 0 | O18: =+H18*$C18/$K$12 -> 0 | P18: =+I18*$C18/$K$12 -> 0 | R18: =+K18*0.907185 -> 0 | S18: 48.477567 | T18: =+S18*R18 -> 0 | V18: =+V$15*L18 -> 0 | W18: =+W$15*M18 -> 0 | X18: =+X$15*N18 -> 0 | Y18: =+Y$15*O18 -> 0 | AB18: =SUM(T18:Z18) -> 0 | AC18: =AB18/(1.07^(A18-2018)) -> 0 | AD18: =AB18/(1.03^(A18-2018)) -> 0
A19: =+A18+1 -> 2021 | B19: =+B18+1 -> 1 | C19: =+'Electric P&R VMT reduction'!G57 -> 1354 | D19: 1.4000848 | E19: 1.1320508 | F19: 0.0026056305 | G19: 1.9928592 | H19: 1.8316065 | I19: 1.4946147 | K19: =+D19*$C19/$K$12 -> 0.0020896672 | L19: =+E19*$C19/$K$12 -> 0.0016896188 | M19: =+F19*$C19/$K$12 -> 3.8889793e-06 | N19: =+G19*$C19/$K$12 -> 0.0029744003 | O19: =+H19*$C19/$K$12 -> 0.0027337259 | P19: =+I19*$C19/$K$12 -> 0.0022307559 | R19: =+K19*0.907185 -> 0.0018957148 | S19: 48.477567 | T19: =+S19*R19 -> 0.09189964 | V19: =+V$15*L19 -> 12.685658 | W19: =+W$15*M19 -> 0.17256568 | X19: =+X$15*N19 -> 1021.534 | Y19: =+Y$15*O19 -> 5.2077479 | AB19: =SUM(T19:Z19) -> 1039.6919 | AC19: =AB19/(1.07^(A19-2018)) -> 848.69825 | AD19: =AB19/(1.03^(A19-2018)) -> 951.46533
A20: =+A19+1 -> 2022 | B20: =+B19+1 -> 2 | C20: =+C19+($C$48-$C$19)/30 -> 1895.6 | D20: 1.4000897 | E20: 1.1347096 | F20: 0.0025368342 | G20: 1.9939206 | H20: 1.8367861 | I20: 1.4995036 | K20: =+D20*$C20/$K$12 -> 0.0029255444 | L20: =+E20*$C20/$K$12 -> 0.0023710218 | M20: =+F20*$C20/$K$12 -> 5.3008184e-06 | N20: =+G20*$C20/$K$12 -> 0.0041663782 | O20: =+H20*$C20/$K$12 -> 0.0038380393 | P20: =+I20*$C20/$K$12 -> 0.0031332739 | R20: =+K20*0.907185 -> 0.00265401 | S20: 49.509005 | T20: =+S20*R20 -> 0.13139739 | V20: =+V$15*L20 -> 17.801632 | W20: =+W$15*M20 -> 0.23521322 | X20: =+X$15*N20 -> 1430.9093 | Y20: =+Y$15*O20 -> 7.3114648 | AB20: =SUM(T20:Z20) -> 1456.389 | AC20: =AB20/(1.07^(A20-2018)) -> 1111.0722 | AD20: =AB20/(1.03^(A20-2018)) -> 1293.9827
A21: =+A20+1 -> 2023 | B21: =+B20+1 -> 3 | C21: =+C20+($C$48-$C$19)/30 -> 2437.2 | D21: 1.4000587 | E21: 1.137713 | F21: 0.0024676514 | G21: 1.9963046 | H21: 1.8422994 | I21: 1.503475 | K21: =+D21*$C21/$K$12 -> 0.0037613311 | L21: =+E21*$C21/$K$12 -> 0.0030565256 | M21: =+F21*$C21/$K$12 -> 6.6294747e-06 | N21: =+G21*$C21/$K$12 -> 0.0053631768 | O21: =+H21*$C21/$K$12 -> 0.0049494338 | P21: =+I21*$C21/$K$12 -> 0.0040391643 | R21: =+K21*0.907185 -> 0.0034122232 | S21: 51.57188 | T21: =+S21*R21 -> 0.17597476 | V21: =+V$15*L21 -> 22.948394 | W21: =+W$15*M21 -> 0.29416968 | X21: =+X$15*N21 -> 1841.9402 | Y21: =+Y$15*O21 -> 9.4286715 | AB21: =SUM(T21:Z21) -> 1874.7874 | AC21: =AB21/(1.07^(A21-2018)) -> 1336.6975 | AD21: =AB21/(1.03^(A21-2018)) -> 1617.2081
A22: =+A21+1 -> 2024 | B22: =+B21+1 -> 4 | C22: =+C21+($C$48-$C$19)/30 -> 2978.8 | D22: 1.4007725 | E22: 1.1623395 | F22: 0.0023970425 | G22: 1.9990155 | H22: 1.9018991 | I22: 1.52545 | K22: =+D22*$C22/$K$12 -> 0.004599526 | L22: =+E22*$C22/$K$12 -> 0.0038166162 | M22: =+F22*$C22/$K$12 -> 7.8708425e-06 | N22: =+G22*$C22/$K$12 -> 0.0065638955 | O22: =+H22*$C22/$K$12 -> 0.0062450076 | P22: =+I22*$C22/$K$12 -> 0.0050089127 | R22: =+K22*0.907185 -> 0.004172621 | S22: 52.603318 | T22: =+S22*R22 -> 0.21949371 | V22: =+V$15*L22 -> 28.655154 | W22: =+W$15*M22 -> 0.34925289 | X22: =+X$15*N22 -> 2254.3174 | Y22: =+Y$15*O22 -> 11.896739 | AB22: =SUM(T22:Z22) -> 2295.438 | AC22: =AB22/(1.07^(A22-2018)) -> 1529.5473 | AD22: =AB22/(1.03^(A22-2018)) -> 1922.3932
A23: =+A22+1 -> 2025 | B23: =+B22+1 -> 5 | C23: =+C22+($C$48-$C$19)/30 -> 3520.4 | D23: 1.4004645 | E23: 1.162599 | F23: 0.0023279485 | G23: 1.999963 | H23: 1.9009196 | I23: 1.5238561 | K23: =+D23*$C23/$K$12 -> 0.0054346083 | L23: =+E23*$C23/$K$12 -> 0.0045115533 | M23: =+F23*$C23/$K$12 -> 9.03378e-06 | N23: =+G23*$C23/$K$12 -> 0.0077610077 | O23: =+H23*$C23/$K$12 -> 0.0073766624 | P23: =+I23*$C23/$K$12 -> 0.0059134387 | R23: =+K23*0.907185 -> 0.0049301951 | S23: 53.634755 | T23: =+S23*R23 -> 0.26442981 | V23: =+V$15*L23 -> 33.872742 | W23: =+W$15*M23 -> 0.40085592 | X23: =+X$15*N23 -> 2665.456 | Y23: =+Y$15*O23 -> 14.052542 | AB23: =SUM(T23:Z23) -> 2714.0466 | AC23: =AB23/(1.07^(A23-2018)) -> 1690.1718 | AD23: =AB23/(1.03^(A23-2018)) -> 2206.7682
A24: =+A23+1 -> 2026 | B24: =+B23+1 -> 6 | C24: =+C23+($C$48-$C$19)/30 -> 4062 | D24: 1.4005068 | E24: 1.163079 | F24: 0.0022658893 | G24: 1.9968032 | H24: 1.9011579 | I24: 1.5232733 | K24: =+D24*$C24/$K$12 -> 0.0062708913 | L24: =+E24*$C24/$K$12 -> 0.0052077875 | M24: =+F24*$C24/$K$12 -> 1.0145717e-05 | N24: =+G24*$C24/$K$12 -> 0.0089408607 | O24: =+H24*$C24/$K$12 -> 0.0085126003 | P24: =+I24*$C24/$K$12 -> 0.0068205892 | R24: =+K24*0.907185 -> 0.0056888586 | S24: 54.666193 | T24: =+S24*R24 -> 0.31098824 | V24: =+V$15*L24 -> 39.100069 | W24: =+W$15*M24 -> 0.45019591 | X24: =+X$15*N24 -> 3070.6671 | Y24: =+Y$15*O24 -> 16.216504 | AB24: =SUM(T24:Z24) -> 3126.7448 | AC24: =AB24/(1.07^(A24-2018)) -> 1819.794 | AD24: =AB24/(1.03^(A24-2018)) -> 2468.2812
A25: =+A24+1 -> 2027 | B25: =+B24+1 -> 7 | C25: =+C24+($C$48-$C$19)/30 -> 4603.6 | D25: 1.4007565 | E25: 1.1629102 | F25: 0.0022094769 | G25: 1.990818 | H25: 1.899456 | I25: 1.5224983 | K25: =+D25*$C25/$K$12 -> 0.0071082775 | L25: =+E25*$C25/$K$12 -> 0.0059013028 | M25: =+F25*$C25/$K$12 -> 1.1212209e-05 | N25: =+G25*$C25/$K$12 -> 0.010102603 | O25: =+H25*$C25/$K$12 -> 0.0096389775 | P25: =+I25*$C25/$K$12 -> 0.0077260682 | R25: =+K25*0.907185 -> 0.0064485228 | S25: 55.69763 | T25: =+S25*R25 -> 0.35916744 | V25: =+V$15*L25 -> 44.306982 | W25: =+W$15*M25 -> 0.49751935 | X25: =+X$15*N25 -> 3469.6581 | Y25: =+Y$15*O25 -> 18.362252 | AB25: =SUM(T25:Z25) -> 3533.184 | AC25: =AB25/(1.07^(A25-2018)) -> 1921.818 | AD25: =AB25/(1.03^(A25-2018)) -> 2707.8913
A26: =+A25+1 -> 2028 | B26: =+B25+1 -> 8 | C26: =+C25+($C$48-$C$19)/30 -> 5145.2 | D26: 1.4010248 | E26: 1.1624778 | F26: 0.0021591167 | G26: 1.9834654 | H26: 1.896953 | I26: 1.52176 | K26: =+D26*$C26/$K$12 -> 0.0079460669 | L26: =+E26*$C26/$K$12 -> 0.0065931211 | M26: =+F26*$C26/$K$12 -> 1.2245669e-05 | N26: =+G26*$C26/$K$12 -> 0.011249443 | O26: =+H26*$C26/$K$12 -> 0.010758779 | P26: =+I26*$C26/$K$12 -> 0.00863083 | R26: =+K26*0.907185 -> 0.0072085527 | S26: 56.729068 | T26: =+S26*R26 -> 0.40893448 | V26: =+V$15*L26 -> 49.501153 | W26: =+W$15*M26 -> 0.54337706 | X26: =+X$15*N26 -> 3863.5313 | Y26: =+Y$15*O26 -> 20.495474 | AB26: =SUM(T26:Z26) -> 3934.4803 | AC26: =AB26/(1.07^(A26-2018)) -> 2000.0903 | AD26: =AB26/(1.03^(A26-2018)) -> 2927.6228
A27: =+A26+1 -> 2029 | B27: =+B26+1 -> 9 | C27: =+C26+($C$48-$C$19)/30 -> 5686.8 | D27: 1.4012606 | E27: 1.1615168 | F27: 0.0021142539 | G27: 1.9816977 | H27: 1.8929217 | I27: 1.5204312 | K27: =+D27*$C27/$K$12 -> 0.0087839736 | L27: =+E27*$C27/$K$12 -> 0.0072811102 | M27: =+F27*$C27/$K$12 -> 1.3253459e-05 | N27: =+G27*$C27/$K$12 -> 0.012422514 | O27: =+H27*$C27/$K$12 -> 0.011866011 | P27: =+I27*$C27/$K$12 -> 0.0095310089 | R27: =+K27*0.907185 -> 0.0079686891 | S27: 56.729068 | T27: =+S27*R27 -> 0.4520563 | V27: =+V$15*L27 -> 54.666575 | W27: =+W$15*M27 -> 0.58809573 | X27: =+X$15*N27 -> 4266.4132 | Y27: =+Y$15*O27 -> 22.60475 | AB27: =SUM(T27:Z27) -> 4344.7247 | AC27: =AB27/(1.07^(A27-2018)) -> 2064.1474 | AD27: =AB27/(1.03^(A27-2018)) -> 3138.7216
A28: =+A27+1 -> 2030 | B28: =+B27+1 -> 10 | C28: =+C27+($C$48-$C$19)/30 -> 6228.4 | D28: 1.4014601 | E28: 1.1603017 | F28: 0.002074488 | G28: 1.9822479 | H28: 1.8872029 | I28: 1.5187943 | K28: =+D28*$C28/$K$12 -> 0.0096219117 | L28: =+E28*$C28/$K$12 -> 0.0079662064 | M28: =+F28*$C28/$K$12 -> 1.4242675e-05 | N28: =+G28*$C28/$K$12 -> 0.013609388 | O28: =+H28*$C28/$K$12 -> 0.012956844 | P28: =+I28*$C28/$K$12 -> 0.010427486 | R28: =+K28*0.907185 -> 0.008728854 | S28: 57.760506 | T28: =+S28*R28 -> 0.50418302 | V28: =+V$15*L28 -> 59.810277 | W28: =+W$15*M28 -> 0.63199022 | X28: =+X$15*N28 -> 4674.0354 | Y28: =+Y$15*O28 -> 24.682788 | AB28: =SUM(T28:Z28) -> 4759.6647 | AC28: =AB28/(1.07^(A28-2018)) -> 2113.348 | AD28: =AB28/(1.03^(A28-2018)) -> 3338.333
A29: =+A28+1 -> 2031 | B29: =+B28+1 -> 11 | C29: =+C28+($C$48-$C$19)/30 -> 6770 | D29: 1.4018317 | E29: 1.1782917 | F29: 0.0020389888 | G29: 1.9839601 | H29: 1.9290535 | I29: 1.5311553 | K29: =+D29*$C29/$K$12 -> 0.010461373 | L29: =+E29*$C29/$K$12 -> 0.0087931729 | M29: =+F29*$C29/$K$12 -> 1.5216251e-05 | N29: =+G29*$C29/$K$12 -> 0.014805591 | O29: =+H29*$C29/$K$12 -> 0.014395842 | P29: =+I29*$C29/$K$12 -> 0.011426469 | R29: =+K29*0.907185 -> 0.0094904004 | S29: 59.823381 | T29: =+S29*R29 -> 0.56774784 | V29: =+V$15*L29 -> 66.019142 | W29: =+W$15*M29 -> 0.6751907 | X29: =+X$15*N29 -> 5084.8617 | Y29: =+Y$15*O29 -> 27.42408 | AB29: =SUM(T29:Z29) -> 5179.5479 | AC29: =AB29/(1.07^(A29-2018)) -> 2149.3282 | AD29: =AB29/(1.03^(A29-2018)) -> 3527.0201
A30: =+A29+1 -> 2032 | B30: =+B29+1 -> 12 | C30: =+C29+($C$48-$C$19)/30 -> 7311.6 | D30: 1.4019773 | E30: 1.1790859 | F30: 0.002008119 | G30: 1.9855208 | H30: 1.9284049 | I30: 1.5307729 | K30: =+D30*$C30/$K$12 -> 0.011299457 | L30: =+E30*$C30/$K$12 -> 0.0095030283 | M30: =+F30*$C30/$K$12 -> 1.6184751e-05 | N30: =+G30*$C30/$K$12 -> 0.016002617 | O30: =+H30*$C30/$K$12 -> 0.015542282 | P30: =+I30*$C30/$K$12 -> 0.012337505 | R30: =+K30*0.907185 -> 0.010250697 | S30: 60.854818 | T30: =+S30*R30 -> 0.62380433 | V30: =+V$15*L30 -> 71.348737 | W30: =+W$15*M30 -> 0.71816594 | X30: =+X$15*N30 -> 5495.9707 | Y30: =+Y$15*O30 -> 29.608048 | AB30: =SUM(T30:Z30) -> 5598.2695 | AC30: =AB30/(1.07^(A30-2018)) -> 2171.1054 | AD30: =AB30/(1.03^(A30-2018)) -> 3701.1156
A31: =+A30+1 -> 2033 | B31: =+B30+1 -> 13 | C31: =+C30+($C$48-$C$19)/30 -> 7853.2 | D31: 1.402109 | E31: 1.1797445 | F31: 0.0019811034 | G31: 1.9869006 | H31: 1.9278242 | I31: 1.5304818 | K31: =+D31*$C31/$K$12 -> 0.012137593 | L31: =+E31*$C31/$K$12 -> 0.010212658 | M31: =+F31*$C31/$K$12 -> 1.7149756e-05 | N31: =+G31*$C31/$K$12 -> 0.01719994 | O31: =+H31*$C31/$K$12 -> 0.016688535 | P31: =+I31*$C31/$K$12 -> 0.013248874 | R31: =+K31*0.907185 -> 0.011011042 | S31: 61.886256 | T31: =+S31*R31 -> 0.68143218 | V31: =+V$15*L31 -> 76.676634 | W31: =+W$15*M31 -> 0.76098612 | X31: =+X$15*N31 -> 5907.1818 | Y31: =+Y$15*O31 -> 31.791659 | AB31: =SUM(T31:Z31) -> 6017.0925 | AC31: =AB31/(1.07^(A31-2018)) -> 2180.8712 | AD31: =AB31/(1.03^(A31-2018)) -> 3862.1427
... A47: =+A46+1 -> 2049 | B47: =+B46+1 -> 29 | C47: =+C46+($C$48-$C$19)/30 -> 16518.8 | D47: 1.4023967 | E47: 1.1822362 | F47: 0.0018441745 | G47: 2.00056 | H47: 1.9182388 | I47: 1.5257811 | K47: =+D47*$C47/$K$12 -> 0.025536037 | L47: =+E47*$C47/$K$12 -> 0.021527168 | M47: =+F47*$C47/$K$12 -> 3.3580306e-05 | N47: =+G47*$C47/$K$12 -> 0.036427907 | O47: =+H47*$C47/$K$12 -> 0.034928932 | P47: =+I47*$C47/$K$12 -> 0.027782727 | R47: =+K47*0.907185 -> 0.02316591 | S47: 79.420695 | T47: =+S47*R47 -> 1.8398527 | V47: =+V$15*L47 -> 161.62598 | W47: =+W$15*M47 -> 1.4900589 | X47: =+X$15*N47 -> 12510.873 | Y47: =+Y$15*O47 -> 66.539616 | AB47: =SUM(T47:Z47) -> 12742.369 | AC47: =AB47/(1.07^(A47-2018)) -> 1564.4189 | AD47: =AB47/(1.03^(A47-2018)) -> 5096.7837
A48: =+A47+1 -> 2050 | B48: =+B47+1 -> 30 | C48: =+'Electric P&R VMT reduction'!H57 -> 17602 | D48: 1.402347 | E48: 1.1820086 | F48: 0.001843352 | G48: 2.0007931 | H48: 1.9173566 | I48: 1.525517 | K48: =+D48*$C48/$K$12 -> 0.027209568 | L48: =+E48*$C48/$K$12 -> 0.02293437 | M48: =+F48*$C48/$K$12 -> 3.5766334e-05 | N48: =+G48*$C48/$K$12 -> 0.038821144 | O48: =+H48*$C48/$K$12 -> 0.037202237 | P48: =+I48*$C48/$K$12 -> 0.02959942 | R48: =+K48*0.907185 -> 0.024684112 | S48: 80.452133 | T48: =+S48*R48 -> 1.9858894 | V48: =+V$15*L48 -> 172.19125 | W48: =+W$15*M48 -> 1.5870595 | X48: =+X$15*N48 -> 13332.811 | Y48: =+Y$15*O48 -> 70.870261 | AB48: =SUM(T48:Z48) -> 13579.446 | AC48: =AB48/(1.07^(A48-2018)) -> 1558.1209 | AD48: =AB48/(1.03^(A48-2018)) -> 5273.4018
A49: TOTALS | AB49: =SUM(AB16:AB48) -> 212882.87 | AC49: =SUM(AC16:AC48) -> 55295.463 | AD49: =SUM(AD16:AD48) -> 114126.9
